 Dungeon Crawl Stone Soup version 0.19.1 (webtiles) character file.

135 Esekla the Sneak (level 5, -1/34 HPs)
             Began as an Octopode Enchanter on Nov 24, 2016.
             Slain by Grinder (2 damage)
             ... while paralysed by Grinder
             ... on level 3 of the Dungeon.
             The game lasted 00:16:34 (2038 turns).

Esekla the Sneak (Octopode Enchanter)               Turns: 2038, Time: 00:16:36

Health: -1/34      AC:  1    Str:  8    XL:     5   Next: 18%
Magic:  2/8        EV:  2    Int: 17    God:
Gold:   83         SH:  0    Dex: 13    Spells: 3 memorised, 1 level left

rFire  . . .     SeeInvis .     a - +1 dagger
rCold  . . .     Gourm    .     (no shield)
rNeg   . . .     Faith    .     (helmet restricted)
rPois  .         Spirit   .     p - amulet of rage
rElec  .         Reflect  .     (no ring)
rCorr  .         Harm     .     (no ring)
MR     .....                    (no ring)
Stlth  +++.......               (no ring)
                                (no ring)
                                (no ring)
                                (no ring)
                                (no ring)

@: paralysed, very slightly contaminated
A: almost no armour, stealthy swim, amphibious, 8 rings, constrict 8, camouflage
1, gelatinous body 1
a: Evoke Berserk Rage


You were on level 3 of the Dungeon.
You were not hungry.

You visited 1 branch of the dungeon, and saw 3 of its levels.

You collected 83 gold pieces.

Inventory:

Hand Weapons
 a - a +1 dagger (weapon)
 w - a +0 rapier
Missiles
 f - 91 stones (quivered)
Jewellery
 p - an amulet of rage (around mantle)
Scrolls
 d - a scroll of remove curse {unknown}
 e - a scroll of teleportation {unknown}
 h - 6 scrolls of identify {unknown}
 k - a scroll of noise {unknown}
 n - a scroll of enchant armour {unknown}
 q - a scroll of magic mapping {unknown}
 r - a scroll of amnesia {unknown}
Potions
 l - a potion of magic {unknown}
 m - a potion of lignification {unknown}
 s - 2 potions of curing {unknown}
 t - a potion of flight {unknown}
 u - a potion of brilliance {unknown}
 v - a potion of haste {unknown}
Books
 b - a book of Maledictions

   Spells                             Type                      Level
   a - Corona                         Hexes                        1
   b - Ensorcelled Hibernation        Hexes/Ice                    2
   c - Confuse                        Hexes                        3
   d - Tukima's Dance                 Hexes                        3
   e - Dazzling Spray                 Conjuration/Hexes            3
Comestibles
 c - 2 bread rations
 g - 2 slices of pizza
 i - a beef jerky
 j - 2 meat rations


   Skills:
 + Level 2.1 Fighting
 + Level 2.8 Short Blades
 - Level 3.0 Dodging
 - Level 4.0 Stealth
 - Level 2.0 Spellcasting
 * Level 1.7 Conjurations
 + Level 3.0 Hexes


You had one spell level left.
You knew the following spells:

 Your Spells              Type           Power        Failure   Level  Hunger
a - Corona                Hex            ##.....      6%          1    #......
b - Dazzling Spray        Conj/Hex       #.....       24%         3    ###....
c - Confuse               Hex            ##......     17%         3    ###....


Dungeon Overview and Level Annotations

Branches:
Dungeon (3/15)

Altars:
Ru

Annotations:
D:3 Grinder


Innate Abilities, Weirdness & Mutations

You cannot wear most types of armour.
You are very stealthy in the water. (Stealth+)
You are amphibious.
You can wear up to eight rings at the same time.
You can use your tentacles to constrict eight enemies at once.
Your skin changes colour to match your surroundings (Stealth+).
Your rubbery body absorbs attacks. (AC +1, EV +1)


Message History

The spray of energy hits Grinder.
Grinder is almost dead.
Grinder is dazzled.
You constrict Grinder. Grinder barely misses you.
You hit Grinder.
Grinder is almost dead.
You constrict Grinder. Grinder gestures at you. Pain shoots through your body!
You barely miss Grinder.
Grinder is almost dead.
You constrict Grinder, but do no damage.
Grinder gestures at you.
You suddenly lose the ability to move!
You lose your grip on Grinder.
Grinder hits you.
You writhe in agony.
Grinder is no longer blind.
Grinder says, "Just stop there for a second..."
Grinder hits you!
* * * LOW HITPOINT WARNING * * *
You writhe in agony.
You die...

#..##........
#..##..###.##
#..##..#
#..##..###
#..##....+
#..##..###
#..##..#
#......####
#.5@.)......
#####.####..
#.# #.# #..
###


You could see Grinder.

Vanquished Creatures
  Ijyb (D:2)
  Terence (D:2)
  2 adders (D:2)
  2 worms (D:2)
  4 dart slugs
  3 leopard geckos
  3 giant cockroaches
  3 goblins
  8 hobgoblins
  4 jackals (D:2)
  3 kobolds (D:2)
  5 bats
  3 frilled lizards
  6 rats
48 creatures vanquished.

Notes
Turn   | Place    | Note
-------+----------+-------------------------------------------
     0 | D:1      | Esekla the Octopode Enchanter began the quest for the Orb.
     0 | D:1      | Reached XP level 1. HP: 11/11 MP: 3/3
    71 | D:1      | Reached skill level 1 in Fighting
   142 | D:1      | Reached XP level 2. HP: 15/18 MP: 5/5
   510 | D:1      | Reached XP level 3. HP: 24/24 MP: 6/6
   565 | D:1      | Learned a level 3 spell: Dazzling Spray
   750 | D:2      | Found a sacrificial altar of Ru.
   823 | D:2      | Noticed Ijyb
   960 | D:2      | Killed Ijyb
   960 | D:2      | Reached XP level 4. HP: 10/29 MP: 7/7
  1237 | D:2      | Reached skill level 1 in Conjurations
  1930 | D:2      | Noticed Terence
  1933 | D:2      | Killed Terence
  1933 | D:2      | Reached XP level 5. HP: 34/34 MP: 8/8
  1943 | D:2      | Learned a level 3 spell: Confuse
  2023 | D:3      | Noticed Grinder
  2036 | D:3      | Paralysed by Grinder for 6 turns
  2038 | D:3      | HP: 1/34 [Grinder (10)]
  2038 | D:3      | Slain by Grinder

Skill      XL: |  1  2  3  4 |
---------------+-------------+-----
Fighting       | 1 2 |  2.1
Short Blades   | 2 |  2.8
Conjurations   | 1 |  1.7
Dodging        | 3 |  3.0
Stealth        | |  4.0
Spellcasting   | |  2.0
Hexes          | |  3.0

Action                   |  1- 3 |  4- 6 || total
-------------------------+-------+-------++-------
Melee: Dagger            |    82 |    31 ||   113
       Constrict         |    20 |     8 ||    28
       Tentacles         |     6 |     7 ||    13
       Unarmed           |    40 |       ||    40
Throw: Stone             |     4 |    15 ||    19
 Cast: Dazzling Spray    |     1 |     1 ||     2
 Stab: Sleeping          |    15 |     5 ||    20
  Eat: Fruit             |       |     5 ||     5
       Royal jelly       |       |     1 ||     1
Armor: Skin              |     8 |       ||     8
Dodge: Dodged            |    64 |     8 ||    72
